 Dungeon Crawl Stone Soup version 0.21-a0-154-gb5400c9 (webtiles) character file.

23 FrankyJ the Ruffian (level 2, -1/24 HPs)
             Began as a Minotaur Transmuter on Aug 3, 2017.
             Slain by a worm (10 damage)
             ... on level 2 of the Dungeon.
             The game lasted 00:01:03 (673 turns).

FrankyJ the Ruffian (Minotaur Transmuter)            Turns: 673, Time: 00:01:04

Health: -1/24      AC:  2    Str: 14    XL:     2   Next: 72%
Magic:  2/3        EV: 12    Int: 10    God:
Gold:   45         SH:  0    Dex: 10    Spells: 3/4 levels left

rFire    . . .     SeeInvis .     - Unarmed
rCold    . . .     Gourm    .   (no shield)
rNeg     . . .     Faith    .   b - +0 robe
rPois    .         Spirit   .   (helmet restricted)
rElec    .         Reflect  .   (no cloak)
rCorr    .         Harm     .   (no gloves)
MR       .....                  (boots currently unavailable)
Stlth    +.........             (no amulet)
HPRegen  0.08/turn              (no ring)
MPRegen  0.08/turn              (no ring)

@: appendage
A: retaliatory headbutt, horns 2, talons 3
a: End Transformation


You were on level 2 of the Dungeon.
You were not hungry.
You had grown temporary talons.
You visited 1 branch of the dungeon, and saw 2 of its levels.

You collected 45 gold pieces.

Inventory:

Missiles
 a - 12 arrows
 h - 4 poisoned needles
Armour
 b - a +0 robe (worn)
 e - a +0 plate armour
Scrolls
 k - a scroll of teleportation {unknown}
 n - a scroll of enchant weapon {unknown}
Potions
 f - a potion of ambrosia {unknown}
 j - a potion of haste {unknown}
 l - a potion of heal wounds {unknown}
 o - a potion of cancellation {unknown}
Books
 c - a book of Changes

   Spells                             Type                      Level
   a - Beastly Appendage              Transmutation                1
   b - Sticks to Snakes               Transmutation                2
   c - Spider Form                    Transmutation/Poison         3
   d - Ice Form                       Ice/Transmutation            4
   e - Blade Hands                    Transmutation                5
Comestibles
 d - a bread ration
 i - a meat ration
 m - 9 chunks of flesh


   Skills:
 + Level 2.0 Fighting
 + Level 1.6 Armour
 - Level 2.1 Dodging
 - Level 3.2 Unarmed Combat
 + Level 1.5 Spellcasting
 + Level 1.8 Transmutations


You had 3 spell levels left.
You knew the following spells:

 Your Spells              Type           Power        Failure   Level  Hunger
a - Beastly Appendage     Tmut           #.....       16%         1    ##.....


Dungeon Overview and Level Annotations

Branches:
Dungeon (2/15)

Altars:


Innate Abilities, Weirdness & Mutations

You reflexively headbutt those who attack you in melee.
You have a pair of horns on your head.
You have claws for feet.


Message History

The worm misses you. You furiously retaliate!
You headbutt the worm! You barely miss the worm.
The worm is heavily wounded.
You hit the worm.
The worm is severely wounded.
The worm bites you.
You are too injured to fight recklessly!
You are too injured to fight recklessly!
You are too injured to fight recklessly!
You are too injured to fight recklessly!
You are too injured to fight recklessly!
You are too injured to fight recklessly!
You are too injured to fight recklessly!
Casting: Beastly Appendage
Confirm with . or Enter, or press ? or * to list all spells.
Your feet morph into talons.
You hit the worm but do no damage. Your kick misses the worm.
The worm is severely wounded.
The worm bites you!
You die...

*,* *,,,,,*
###.###.......#*** *,*
**,****
#.....+.........,, *,*
*,*****#.#.###.^.....##**
*,* *,,,,,,#.#.#
######### *,*
*,****,#.#.# *,* *,*
*,#.#.# ***,****,*
*,#.#.#
*,,,,,,*,****,#.#.#
*,****,,,,,,,,#@#.# *,*
*,*****#.w.#,* *,* *,*
#.###,* *,* *,* #.,,,,*
*,* *,* #****** *,****,*
*,,,,,,* ******,* ***


You could see a worm.

Vanquished Creatures
  An ooze (D:1)
  A dart slug (D:1)
  3 ball pythons
  2 giant cockroaches (D:1)
  A goblin (D:1)
  A hobgoblin (D:1)
  3 bats (D:1)
  2 frilled lizards (D:1)
  A kobold (D:1)
  3 rats
18 creatures vanquished.

Notes
Turn   | Place    | Note
-------+----------+-------------------------------------------
     0 | D:1      | FrankyJ the Minotaur Transmuter began the quest for the Orb.
     0 | D:1      | Reached XP level 1. HP: 16/16 MP: 1/1
   142 | D:1      | Reached skill level 1 in Armour
   142 | D:1      | Reached XP level 2. HP: 20/23 MP: 3/3
   673 | D:2      | Slain by a worm

Vault maps used:
D:1:      minmay_arrival_five_plusses
D:2:      okawaru_gym_becter, minivault_11, uniq_natasha

Skill      XL: |  1  2 |
---------------+-------+-----
Armour         | 1 |  1.6
Fighting       | 2 |  2.0
Dodging        | |  2.1
Unarmed Combat | |  3.2
Spellcasting   | |  1.5
Transmutations | |  1.8

Action                   || total
-------------------------++-------
Melee: Unarmed           ||    48
       Headbutt          ||     4
       Punch             ||     1
 Cast: Beastly Appendage ||     1
  Use: Scroll            ||     1
 Stab: Sleeping          ||     1
Armor: Robe              ||    11
Dodge: Dodged            ||    32
